 Dungeon Crawl Stone Soup version 0.24.0-125-gc4c63601f3 (webtiles) character file.

Game seed: 7137468790778870388, levelgen mode: deterministic

315 Martska the Skirmisher (level 6, 0/49 HPs)
             Began as a Demonspawn Fighter on Feb 27, 2020.
             Was an Initiate of Makhleb.
             Killed by divine providence
             ... invoked by an orc priest
              (8 damage)
             ... on level 4 of the Dungeon.
             The game lasted 00:07:37 (3994 turns).

Martska the Skirmisher (Demonspawn Fighter)         Turns: 3994, Time: 00:07:38

Health: 0/49       AC:  7    Str: 18    XL:     6   Next: 20%
Magic:  0/8        EV:  7    Int:  9    God:    Makhleb [......]
Gold:   122        SH:  9    Dex: 13    Spells: 8/8 levels left

rFire    . . .     SeeInvis .     - Unarmed
rCold    + . .     Gourm    .   b - +0 shield
rNeg     . . .     Faith    .   a - +0 scale mail
rPois    .         Spirit   +   (helmet restricted)
rElec    .         Reflect  .   (no cloak)
rCorr    .         Harm     .   (no gloves)
MR       .....                  k - +0 pair of boots
Stlth    ..........             (no amulet)
HPRegen  0.16/turn              e - ring of protection from cold
MPRegen  0.11/turn              (no ring)

@: drained
A: antennae 1, claws 1, hooves 1, powered by death 1, magic shield
a: Renounce Religion


You were on level 4 of the Dungeon.
You worshipped Makhleb.
Makhleb was noncommittal.
You were not hungry.

You visited 2 branches of the dungeon, and saw 5 of its levels.

You collected 122 gold pieces.

Inventory:

Armour
 a - a +0 scale mail (worn)
 b - a +0 shield (worn)
 k - a +0 pair of boots (worn)
Jewellery
 e - a ring of protection from cold (left claw)
 l - an uncursed ring of protection from fire {unknown}
 m - an uncursed ring of attention
Scrolls
 d - 3 scrolls of remove curse
 f - 5 scrolls of identify {unknown}
 g - 2 scrolls of blinking {unknown}
 h - a scroll of fog {unknown}
 j - a scroll of fear {unknown}
 n - a scroll of random uselessness {unknown}
 p - a scroll of noise {unknown}
 q - a scroll of magic mapping {unknown}
 u - a scroll of enchant armour {unknown}
 v - a scroll of teleportation {unknown}
Potions
 c - 2 potions of might
 t - a potion of brilliance {unknown}
Comestibles
 i - 4 rations


   Skills:
 * Level 4.6(3.9) Fighting
 + Level 3.4(2.7) Armour
 + Level 3.4(2.7) Shields
 * Level 3.3(2.6) Unarmed Combat
 + Level 1.7(1.1) Spellcasting
 + Level 0.8(0.2) Invocations


You had 8 spell levels left.
You didn't know any spells.
Your spell library was empty.

Dungeon Overview and Level Annotations

Branches:
Dungeon (4/15)             Temple (1/1) D:4

Altars:
Ashenzari
Cheibriados
Dithmenos
Elyvilon
Fedhas
Gozag
Hepliaklqana
Kikubaaqudgha
Makhleb
Nemelex Xobeh
Okawaru
Ru
Sif Muna
Trog
Uskayaw
Vehumet
Wu Jian
Xom
Yredelemnul
Zin
The Shining One


Innate Abilities, Weirdness & Mutations

You have a pair of small antennae on your head.
You have sharp fingernails.
You have large cloven feet.
You regenerate a little health from kills.
When hurt, damage is shared between your health and your magic reserves.


Message History

The quokka skeleton bites you but does no damage.
The orc priest looks satisfied for a moment.
You scratch the orc priest.
The orc priest is heavily wounded.
The orc wizard misses you. The orc hits you with a +0 hand axe.
* * * LOW HITPOINT WARNING * * *
The quokka skeleton bites you but does no damage.
The orc priest begins to cast a cantrip, but forgets the words!
The orc wizard hits you but does no damage.
You feel drained.
You closely miss the orc priest.
The orc priest is heavily wounded.
You block the orc's attack. The orc wizard casts a spell at you.
The puff of frost hits you but does no damage.
The quokka skeleton bites you.
* * * LOW HITPOINT WARNING * * *
The orc priest calls down the wrath of Beogh upon you.
Beogh smites you!
You die...

#.######.##.# . #.....<..#
#.(......##.# .#
###..#.#... ###
#(.##.#.###.# .#
.........## #.###..##.#
..#.##.# ###...#....
#.##...##.###.#..#.#
#........###
..##..###...#......#.#.##.
##.# ......#
###.#........#. #. .#
.......# #.†..)Zo...# . .#
#......# ####..@o...#
#......# #..o....#
#.###.## #.......# #.. #.#
####.##.# ##. .# ## # # ..
.# # #


You could see an orc priest, an orc wizard, an orc and a quokka skeleton.

Vanquished Creatures
  An orc priest (D:4)
  A hound (D:4)
  A centaur skeleton (D:4)
  3 worker ants (D:4)
  A hound skeleton (D:4)
  A gnoll (D:1)
  5 adders
  An ooze (D:3)
  An adder skeleton (D:4)
  2 worms
  A dart slug (D:2)
  4 leopard geckos
  2 orcs
  11 bats
  A giant cockroach (D:1)
  7 hobgoblins
  3 jackals (D:1)
  9 kobolds
  2 quokkas
  A frilled lizard (D:1)
  9 goblins
  11 rats
78 creatures vanquished.

Notes
Turn   | Place    | Note
-------+----------+-------------------------------------------
     0 | D:1      | Martska the Demonspawn Fighter began the quest for the Orb.
     0 | D:1      | Reached XP level 1. HP: 18/18 MP: 1/1
   399 | D:1      | Gained mutation: You have sharp fingernails. [demonic
                  | ancestry]
   399 | D:1      | Reached XP level 2. HP: 17/24 MP: 2/2
  1074 | D:1      | Gained mutation: You have a pair of small antennae on your
                  | head. [demonic ancestry]
  1074 | D:1      | Reached XP level 3. HP: 29/29 MP: 3/3
  2459 | D:2      | Noticed a moth of wrath
  2462 | D:2      | Found a bloodstained altar of Trog.
  2473 | D:2      | Gained mutation: When hurt, damage is shared between your
                  | health and your magic reserves. [demonic ancestry]
  2473 | D:2      | Reached XP level 4. HP: 28/37 MP: 5/5
  2559 | D:2      | Reached skill level 1 in Spellcasting
  3041 | D:3      | Reached skill level 4 in Fighting
  3298 | D:4      | Noticed an ogre
  3457 | D:4      | Gained mutation: You have large cloven feet. [demonic
                  | ancestry]
  3457 | D:4      | Reached XP level 5. HP: 19/42 MP: 2/6
  3622 | D:4      | Found a staircase to the Ecumenical Temple.
  3742 | Temple   | Entered the Ecumenical Temple
  3828 | Temple   | Became a worshipper of Makhleb the Destroyer
  3965 | D:4      | Gained mutation: You regenerate a little health from kills.
                  | [demonic ancestry]
  3965 | D:4      | Reached XP level 6. HP: 33/49 MP: 2/8
  3994 | D:4      | Killed from afar by an orc priest

Levels and vault maps discovered:
D:1:      onia_arrival_mini_spirals, layout_basic, minmay_misc_feat_encased
D:2:      layout_basic, hex_large, tgw_trog
D:3:      layout_basic
D:4:      layout_basic, temple_hall, serial_shops, kennysheep_mini_moat
Temple:   compressed_dpeg_circular_temple

Skill      XL: |  1  2  3  4  5 |
---------------+----------------+-----
Unarmed Combat | 2 3 |  3.3
Armour         | 3 |  3.4
Shields        | 3 |  3.4
Spellcasting   | 1 |  1.7
Fighting       | 4 |  4.6
Invocations    | |  0.8

Action                   |  1- 3 |  4- 6 || total
-------------------------+-------+-------++-------
Melee: Unarmed           |   164 |   181 ||   345
  Use: Scroll            |     2 |       ||     2
       Potion            |       |     6 ||     6
  Eat: Chunk             |     1 |     2 ||     3
       Ration            |     1 |     1 ||     2
Armor: Scale mail        |    99 |    89 ||   188
Dodge: Dodged            |    60 |    50 ||   110
Block: Shield            |   122 |    83 ||   205
